 Dungeon Crawl Stone Soup version 0.22-a0-467-g5c5de1cb09 (webtiles) character file.

373 Manul the Slasher (level 6, -3/47 HPs)
             Began as a Demonspawn Gladiator on June 10, 2018.
             Killed from afar by Dowan (22 damage)
             ... with a shard of ice
             ... on level 4 of the Dungeon.
             The game lasted 00:03:40 (3548 turns).

Manul the Slasher (Demonspawn Gladiator)            Turns: 3548, Time: 00:03:42

Health: -3/47      AC:  4    Str: 15    XL:     6   Next: 43%
Magic:  6/6        EV: 16    Int:  9    God:
Gold:   133        SH:  0    Dex: 16    Spells: 5/5 levels left

rFire    . . .     SeeInvis +   a - +0 long sword
rCold    + . .     Gourm    .   (no shield)
rNeg     . . .     Faith    .   b - +0 leather armour
rPois    .         Spirit   .   c - +0 helmet
rElec    .         Reflect  .   (no cloak)
rCorr    .         Harm     .   (no gloves)
MR       .....                  (no boots)
Stlth    ++........             (no amulet)
HPRegen  0.15/turn              r - ring of see invisible
MPRegen  0.10/turn              s - ring of protection from cold

@: lethally poisoned (-3 -> -7), very slightly contaminated, invisible
A: claws 1, repulsion field 2, powered by death 1
a: no special abilities


You were on level 4 of the Dungeon.
You were not hungry.

You visited 1 branch of the dungeon, and saw 4 of its levels.

You collected 133 gold pieces.

Inventory:

Hand Weapons
 a - a +0 long sword (weapon)
 g - a +0 short sword of speed
Missiles
 d - 3 throwing nets (quivered)
Armour
 b - a +0 leather armour (worn)
 c - a +0 helmet (worn)
Jewellery
 r - a ring of see invisible (left claw)
 s - a ring of protection from cold (right claw)
Scrolls
 i - a scroll of enchant armour {unknown}
 j - 2 scrolls of identify
 k - a scroll of blinking {unknown}
 m - 3 scrolls of remove curse
 p - a scroll of fog
Potions
 e - 2 potions of flight
 h - 2 potions of curing
 l - 2 potions of might
 q - a potion of cancellation
Comestibles
 f - 6 rations
 n - 2 chunks of flesh


   Skills:
 + Level 3.3 Fighting
 + Level 4.8 Long Blades
 + Level 1.9 Throwing
 + Level 2.3 Armour
 + Level 3.5 Dodging
 + Level 0.8 Stealth


You had 5 spell levels left.
You didn't know any spells.
Your spell library was empty.

Dungeon Overview and Level Annotations

Branches:
Dungeon (4/15)
 Temple: D:4-7

Altars:
Ashenzari
Elyvilon
Makhleb
Nemelex Xobeh
Okawaru
Uskayaw
Wu Jian
Xom
Zin

Annotations:
D:4 Dowan


Innate Abilities, Weirdness & Mutations

You have sharp fingernails.
You are surrounded by a moderate repulsion field. (EV +3)
You regenerate a little health from kills.


Message History

Unknown command.
It was a potion of invisibility.
You fade into invisibility!
Dowan closely misses you.
You are very lightly contaminated with residual magic.
You slash Dowan!
Dowan is severely wounded.
Dowan hits you but does no damage.
You are poisoned.
Dowan gestures at you while chanting. The stone arrow misses you.
You feel better. Dowan hits you with a dagger of venom.
You are poisoned.
You catch the helpless Dowan completely off-guard!
You hit Dowan but do no damage.
Dowan is severely wounded.
You feel sick. Dowan closely misses you.
Dowan points at you and mumbles some strange words.
The shard of ice hits you! You partially resist.
You die...

.#........# ##..
##.......## ##.
#.......## ##..
##......## #... #......##
##... #.....## #....
#....#########....
########.###............
#>....e@..).............
#.........###########....
########### #.... ##...
#... ##.. #.. #.. ##.


You could see Dowan.

Vanquished Creatures
  Duvessa (D:4)
  A hound (D:3)
  3 worker ants (D:4)
  An iguana (D:4)
  4 adders
  3 oozes
  A worm (D:3)
  3 dart slugs
  3 leopard geckos
  3 orcs (D:3)
  9 bats
  3 giant cockroaches
  9 goblins
  9 hobgoblins
  3 jackals (D:1)
  13 kobolds
  5 quokkas
  A ball python (D:3)
  6 frilled lizards
  A quokka skeleton (D:4)
  7 rats
89 creatures vanquished.

Notes
Turn   | Place    | Note
-------+----------+-------------------------------------------
     0 | D:1      | Manul the Demonspawn Gladiator began the quest for the Orb.
     0 | D:1      | Reached XP level 1. HP: 16/16 MP: 1/1
    22 | D:1      | Reached skill level 3 in Long Blades
    22 | D:1      | Gained mutation: You regenerate a little health from kills. [demonic ancestry]
    22 | D:1      | Reached XP level 2. HP: 15/22 MP: 2/2
   583 | D:1      | Reached XP level 3. HP: 27/27 MP: 3/3
  1044 | D:2      | Reached skill level 1 in Armour
  1088 | D:2      | Noticed an angel
  1089 | D:2      | Found a shimmering altar of Xom.
  1090 | D:2      | Found a glowing silver altar of Zin.
  1147 | D:2      | Found a burning altar of Makhleb.
  1147 | D:2      | Found an ornate altar of the Wu Jian Council.
  1148 | D:2      | Found a hide-covered altar of Uskayaw.
  1148 | D:2      | Found a shattered altar of Ashenzari.
  1148 | D:2      | Found an iron altar of Okawaru.
  1149 | D:2      | Found a white marble altar of Elyvilon.
  1449 | D:2      | Gained mutation: You have sharp fingernails. [demonic ancestry]
  1449 | D:2      | Reached XP level 4. HP: 31/33 MP: 4/4
  2264 | D:3      | Found a sparkling altar of Nemelex Xobeh.
  2398 | D:3      | Gained mutation: You are surrounded by a mild repulsion field. (EV +2) [demonic ancestry]
  2398 | D:3      | Reached XP level 5. HP: 23/39 MP: 5/5
  2680 | D:4      | Reached skill level 4 in Long Blades
  3185 | D:4      | Gained mutation: You are surrounded by a moderate repulsion field. (EV +3) [demonic ancestry]
  3185 | D:4      | Reached XP level 6. HP: 29/47 MP: 6/6
  3481 | D:4      | Noticed Dowan
  3482 | D:4      | Noticed Duvessa
  3541 | D:4      | Killed Duvessa
  3548 | D:4      | Killed from afar by Dowan

Vault maps used:
D:1:      dpeg_arrival_shelter, grunt_decor_fettered, st_stairs_11
D:2:      grunt_temple_overflow_order_and_chaos_1, grunt_temple_overflow_open
D:3:      minmay_diamond_boxcup, nicolae_overflow_crystal_walls, hex_tiny
D:4:      minmay_temple_entry_junction, first_ration, uniq_duvessa

Skill      XL: |  1  2  3  4  5 |
---------------+----------------+-----
Long Blades    | 3 4 |  4.8
Dodging        | 3 |  3.5
Armour         | 1 2 |  2.3
Fighting       | 3 |  3.3
Throwing       | |  1.9
Stealth        | |  0.8

Action                   |  1- 3 |  4- 6 || total
-------------------------+-------+-------++-------
Melee: Long sword        |   125 |   180 ||   305
  Use: Scroll            |       |     5 ||     5
       Potion            |       |     4 ||     4
 Stab: Sleeping          |       |     3 ||     3
       Invisible         |       |     1 ||     1
  Eat: Chunk             |     2 |     7 ||     9
Armor: Leather armour    |    37 |    35 ||    72
Dodge: Dodged            |   105 |   165 ||   270
       Rpst.: Long sword |    33 |    47 ||    80

Table legend:
 A = Spawn XP
 B = Non-spawn XP
 C = Spawn XP percentage of total XP
 D = Spawn monster count
 E = Non-spawn monster count
 F = Spawn count percentage of total count
 G = Total turns spent on level
                    A         B        C        D         E        F      G
               +---------+---------+-------+---------+---------+-------+---------
         Total |       0 |     534 |   0.0 |       0 |      89 |   0.0 |  3548
               +---------+---------+-------+---------+---------+-------+---------
           D:1 |       0 |      63 |   0.0 |       0 |      29 |   0.0 |  1039
           D:2 |       0 |      45 |   0.0 |       0 |      20 |   0.0 |   790
           D:3 |       0 |     144 |   0.0 |       0 |      31 |   0.0 |   996
           D:4 |       0 |     282 |   0.0 |       0 |       9 |   0.0 |   723
               +---------+---------+-------+---------+---------+-------+---------
